 Dungeon Crawl Stone Soup version 0.22-a0-231-g1b571ea (webtiles) character file.

4 tidbits the Insei (level 1, 0/17 HPs)
             Began as a Gnoll Transmuter on Feb 20, 2018.
             Slain by a jackal (2 damage)
             ... on level 2 of the Dungeon.
             The game lasted 00:00:56 (82 turns).

tidbits the Insei (Gnoll Transmuter)                  Turns: 82, Time: 00:00:57

Health: 0/17       AC:  3    Str: 12    XL:     1   Next: 60%
Magic:  5/6        EV: 14    Int: 15    God:
Gold:   10         SH:  0    Dex: 15    Spells: 8/9 levels left

rFire    . . .     SeeInvis .     - Unarmed
rCold    . . .     Gourm    .   (no shield)
rNeg     . . .     Faith    .   B - +0 robe
rPois    .         Spirit   .   (no helmet)
rElec    .         Reflect  .   (no cloak)
rCorr    .         Harm     .   G - +0 pair of gloves
MR       .....                  (no boots)
Stlth    +.........             (no amulet)
HPRegen  0.05/turn              (no ring)
MPRegen  0.10/turn              (no ring)

@: appendage
A: distributed training, fangs 1, horns 2, strong nose
a: End Transformation


You were on level 2 of the Dungeon.
You were not hungry.
You had grown temporary horns.
You visited 1 branch of the dungeon, and saw 3 of its levels.

You collected 10 gold pieces.

Inventory:

Hand Weapons
 d - a +0 dagger
Missiles
 a - 12 arrows
 b - 13 poisoned needles
Armour
 B - a +0 robe (worn)
 G - a +0 pair of gloves (worn)
Potions
 e - a potion of heal wounds {unknown}
Comestibles
 c - a ration


   Skills:
 + Level 2.3 Fighting
 + Level 0.0 Short Blades
 + Level 0.0 Long Blades
 + Level 0.0 Axes
 + Level 0.0 Maces & Flails
 + Level 0.0 Polearms
 + Level 0.0 Staves
 + Level 0.0 Slings
 + Level 0.0 Bows
 + Level 0.0 Crossbows
 + Level 0.0 Throwing
 + Level 0.0 Armour
 + Level 4.4 Dodging
 + Level 0.0 Stealth
 + Level 0.0 Shields
 + Level 6.4 Unarmed Combat
 + Level 4.8 Spellcasting
 + Level 0.0 Conjurations
 + Level 0.0 Hexes
 + Level 0.0 Charms
 + Level 0.0 Summonings
 + Level 0.0 Necromancy
 + Level 0.0 Translocations
 + Level 3.6 Transmutations
 + Level 0.0 Fire Magic
 + Level 0.0 Ice Magic
 + Level 0.0 Air Magic
 + Level 0.0 Earth Magic
 + Level 0.0 Poison Magic
 + Level 0.1 Invocations
 + Level 0.0 Evocations


You had 8 spell levels left.
You knew the following spells:

 Your Spells              Type           Power        Failure   Level  Hunger
e - Beastly Appendage     Tmut           ##....       3%          1    None


Dungeon Overview and Level Annotations

Branches:
Dungeon (3/15)

Altars:

Annotations:
D:3 tidbits's ghost, amateur GnTm


Innate Abilities, Weirdness & Mutations

Your experience applies equally to all skills.
You have very sharp teeth.
Your uncanny sense of smell can sniff out nearby items.
You have a pair of horns on your head.


Message History

Adjust which item? (? for menu, Esc to quit)
Okay, then.
You open the large door.
There is a large open door here.
Found 13 poisoned needles.
Found a stone staircase leading down.
You see here 13 poisoned needles.
b - 13 poisoned needles
There is a stone staircase leading down here.
You climb downwards.
A kobold comes into view.
The kobold shouts!
You hear an angry hiss.
Found a hand axe and a dagger.
There is a stone staircase leading up here.
Found 10 gold pieces.
You see here 10 gold pieces.
You now have 10 gold pieces.
Casting: Beastly Appendage (safe; 3% risk of failure)
Confirm with . or Enter, or press ? or * to list all spells.
You grow a pair of large bovine horns.
A worm comes into view.
You closely miss the kobold. The kobold closely misses you.
You barely miss the kobold. The kobold barely misses you.
You hit the kobold but do no damage. The kobold hits you.
You closely miss the kobold. Your headbutt misses the kobold.
The kobold completely misses you.
You hit the kobold.
You kill the kobold!
Something bites the plant but does no damage.
Something bites the plant but does no damage.
You hear an angry hiss.
You see here a dagger.
d - a dagger Your transformation is almost over.
A kobold comes into view.
A giant cockroach comes into view.
Casting: Beastly Appendage (safe; 3% risk of failure)
Confirm with . or Enter, or press ? or * to list all spells.
You extend your transformation's duration.
The kobold shouts!
The kobold throws a stone.
The stone completely misses you.
You barely miss the giant cockroach.
You kill the giant cockroach!
The kobold throws a stone.
The stone completely misses you.
You see here a giant cockroach corpse.
The kobold hits you.
Found a stone staircase leading down.
You completely miss the kobold. The kobold barely misses you.
You hit the kobold.
You kill the kobold!
Found a dark potion.
Things that are here:
a stone; a kobold corpse You see here a dark potion.
e - a dark potion
There is a stone staircase leading down here.
You climb downwards.
You hear the sound of rushing water.
There is an entrance to a sewer on this level.
Hurry and find it before the portal rusts away! 2 jackals, 4 orcs, an orc wizard and a player ghost come into view.
The orc wizard is wielding a dagger of holy wrath.
The orc shouts!
The orc wizard shouts!
The orc shouts! x2; The jackal barks! x2
Tidbits's ghost turns its malevolent gaze towards you.
There is a stone staircase leading up here.
You hit the jackal.
You kill the jackal!
Your transformation is almost over.
The jackal bites you but does no damage.
The orc hits you but does no damage.
Tidbits's ghost hits you but does no damage.
The jackal bites you.
You climb upwards.
There is a stone staircase leading down here.
Unknown command.
The jackal bites you but does no damage.
The orc hits you with a short sword.
* * * LOW HITPOINT WARNING * * *
The jackal bites you.
* * * LOW HITPOINT WARNING * * *
Casting: Beastly Appendage (safe; 3% risk of failure)
Confirm with . or Enter, or press ? or * to list all spells.
You extend your transformation's duration.
The jackal bites you.
* * * LOW HITPOINT WARNING * * *
The jackal closely misses you. The jackal bites you.
* * * LOW HITPOINT WARNING * * *
You closely miss the jackal. Your headbutt misses the jackal.
The jackal bites you.
* * * LOW HITPOINT WARNING * * *
You hit the jackal.
The jackal is moderately wounded.
The jackal misses you.
You closely miss the jackal.
The jackal is moderately wounded.
The jackal bites you but does no damage.
You hit the jackal.
The jackal is almost dead.
The jackal bites you.
You die...

## ### ##. #.###
#..##..o#######
#o.##oh@....# ....
#..########.# ....
#...##(...............
###.##.#######.#....
.. ###..#######.#...
...
#..†.......#.#.###P##
#.##..####.#...P.....
#. ##(## #.#<........
# #...###.....P....P


You could see 2 orcs and a jackal.

Vanquished Creatures
  A giant cockroach (D:2)
  A jackal (D:3)
  2 kobolds (D:2)
4 creatures vanquished.

Notes
Turn   | Place    | Note
-------+----------+-------------------------------------------
     0 | D:1      | tidbits the Gnoll Transmuter began the quest for the Orb.
     0 | D:1      | Reached XP level 1. HP: 17/17 MP: 6/6
    67 | D:3      | Noticed an orc wizard
    67 | D:3      | Noticed tidbits's ghost (amateur GnTm)
    79 | D:2      | HP: 1/17 [jackal (1)]
    82 | D:2      | Slain by a jackal

Vault maps used:
D:1:      lightli_molten_gateway, minmay_hedge_maze
D:2:      cheibrodos_old_hovel, gammafunk_temple_overflow_statue,
          supply_closet_lemuel, hangedman_glass_teeth, minmay_misc_feat_five,
          st_stairs_7
D:3:      overflow_temple_1_default, cheibrodos_sewer_entry_sluice,
          minmay_door_square, grunt_ministairs_3, doesnt_xom_only_xom

Action                   || total
-------------------------++-------
Melee: Unarmed           ||    13
       Headbutt          ||     1
       Punch             ||     1
 Cast: Beastly Appendage ||     3
Armor: Robe              ||     5
Dodge: Dodged            ||     8

Table legend:
 A = Spawn XP
 B = Non-spawn XP
 C = Spawn XP percentage of total XP
 D = Spawn monster count
 E = Non-spawn monster count
 F = Spawn count percentage of total count
 G = Total turns spent on level
                    A         B        C        D         E        F      G
               +---------+---------+-------+---------+---------+-------+---------
         Total |       0 |       6 |   0.0 |       0 |       4 |   0.0 |    82
               +---------+---------+-------+---------+---------+-------+---------
           D:2 |       0 |       4 |   0.0 |       0 |       3 |   0.0 |    52
           D:3 |       0 |       2 |   0.0 |       0 |       1 |   0.0 |     4
               +---------+---------+-------+---------+---------+-------+---------

Table legend:
 A = Turns spent in this place as a percentage of turns spent in the entire game.
 B = Non-inter-level travel turns spent in this place as a percentage of non-inter-level travel turns spent in the entire game.
 C = Inter-level travel turns spent in this place as a percentage of turns spent in this place.
 D = Turns resting spent in this place as a percentage of non-inter-level travel turns spent in this place.
 E = Turns spent auto-exploring this place as a percentage of non-inter-level travel turns spent in this place.
 F = Non-inter-level travel turns spent in this place divided by the number of levels of this place that you've seen.
                   A       B       C       D       E      F
               +-------+-------+-------+-------+-------+----------------------
         Total | 100.0 | 100.0 |   0.0 |   0.0 |   0.0 |  27.3
       Dungeon | 100.0 | 100.0 |   0.0 |   0.0 |   0.0 |  27.3
               +-------+-------+-------+-------+-------+----------------------

Table legend:
 A = Kills in this place as a percentage of kills in entire the game.
 B = Kills by you in this place as a percentage of kills by you in the entire game.
 C = Kills by friends in this place as a percentage of kills by friends in the entire game.
 D = Other kills in this place as a percentage of other kills in the entire game.
 E = Experience gained in this place as a percentage of experience gained in the entire game.
 F = Experience gained in this place divided by the number of levels of this place that you have seen.
                   A       B       C       D       E      F
               +-------+-------+-------+-------+-------+----------------------
         Total | 100.0 | 100.0 |   N/A |   N/A | 100.0 |   2.0
       Dungeon | 100.0 | 100.0 |   N/A |   N/A | 100.0 |   2.0
               +-------+-------+-------+-------+-------+----------------------

Vault maps used:
D:1:      lightli_molten_gateway, minmay_hedge_maze
D:2:      cheibrodos_old_hovel, gammafunk_temple_overflow_statue,
          supply_closet_lemuel, hangedman_glass_teeth, minmay_misc_feat_five,
          st_stairs_7
D:3:      overflow_temple_1_default, cheibrodos_sewer_entry_sluice,
          minmay_door_square, grunt_ministairs_3, doesnt_xom_only_xom
